Map: New Repugnancy LE

Players

Johnson

  • Race: Zerg Zerg
  • League: Master
  • Spawn Location: 1:00

Mez - Winner!

  • Race: Terran Terran
  • League: Master
  • Spawn Location: 7:00

VOD

Have the link to the VOD?

Description

Time

  • Played on: July 30, 2019, 11:56 a.m.
  • Length: 10:20
Show
View Real Time Build Order
Export as new Build Order

Johnson Zerg 

Build Orders: Hatch First 

Get SALT Encoding   

  12  0:00  Drone  
  13  0:12  Overlord  
  13  0:16  Drone  
  14  0:30  Drone  
  14  0:31  Drone  
  14  0:34  Drone  
  17  0:52  Hatchery  
  17  0:55  Drone  
  17  0:59  Drone  
  18  1:13  Spawning Pool  
  18  1:17  Drone  
  18  1:20  Drone  
  19  1:28  Drone  
  20  1:39  Drone  
  21  1:47  Hatchery  
  21  1:49  Drone  
  21  2:00  Zergling x2  
  22  2:04  Queen  
  22  2:07  Zergling x2  
  25  2:10  Queen  
  25  2:13  Drone  
  28  2:18  Extractor  
  28  2:20  Overlord  
  27  2:23  Drone  
  28  2:37  Overlord  
  28  2:41  Drone x2  
  28  2:44  Queen  
  30  2:48  Queen  
  34  2:52  Drone  
  35  2:58  Drone x2  
  35  3:04  Queen  
  39  3:06  Drone  
  39  3:10  Drone  
  39  3:11  Drone  
  42  3:17  Drone  
  42  3:18  Drone  
  43  3:25  Spore Crawler  
  43  3:26  Drone x2  
  44  3:30  Overlord  
  44  3:35  Drone x2  
  44  3:36  Drone x2  
  44  3:40  Drone  
  44  3:41  Drone  
  50  3:49  Lair, Drone  
  50  3:50  Drone  
  50  3:52  Drone  
  50  3:53  Drone  
  54  4:02  Drone x2  
  55  4:03  Drone  
  55  4:05  Drone x2  
  55  4:07  Overlord, Extractor  
  57  4:20  Queen, Extractor  
  57  4:21  Roach Warren  
  57  4:22  Spore Crawler  
  56  4:24  Spore Crawler  
  56  4:26  Drone x2, Spore Crawler  
  56  4:30  Drone x3  
  59  4:33  Drone  
  59  4:34  Drone  
  59  4:37  Drone  
  59  4:38  Extractor  
  61  4:39  Drone x2  
  61  4:40  Drone  
  61  4:45  Drone x2  
  66  4:46  Overlord  
  62  5:04  Roach x5  
  62  5:07  Roach x2  
  62  5:08  Roach  
  62  5:12  Drone  
  62  5:13  Drone  
  64  5:17  Drone  
  64  5:36  Drone x3  
  64  5:37  Drone  
  68  5:48  Hatchery  
  67  5:53  Overlord  
  67  5:59  Drone  
  68  6:13  Overlord  
  68  6:15  Drone x7  
  68  6:18  Drone  
  76  6:19  Overlord  
  76  6:24  Overlord  
  76  6:35  Drone x3  
  76  6:37  Glial Reconstitution  
  79  6:44  Queen  
  79  6:45  Queen  
  83  6:47  Drone  
  83  6:48  Drone  
  85  6:55  Drone  
  85  6:58  Drone  
  85  7:01  Roach x3  
  93  7:06  Roach  
  93  7:07  Evolution Chamber  
  93  7:08  Evolution Chamber  
  93  7:11  Roach x2  
  97  7:18  Overlord x2  
  97  7:35  Queen x2  
  101  7:37  Overlord  
  101  7:39  Roach x4  
  101  7:40  Roach  
  111  7:47  Roach  
  113  7:52  Overlord x2  
  113  7:53  Queen, Spore Crawler  
  114  7:59  Roach x4  
  96  8:16  Roach x5  
  96  8:17  Roach x2  
  96  8:22  Roach  
  96  8:27  Roach x2  
  94  8:32  Roach  
  88  8:37  Roach x2  
  70  8:43  Roach  
  70  8:48  Roach x2  
  64  8:54  Roach  
  64  8:58  Queen, Roach  
  64  9:00  Queen  
  64  9:04  Roach x2  
  64  9:09  Evolution Chamber  
  67  9:11  Evolution Chamber  
  67  9:15  Roach x4  
  67  9:16  Roach  
  76  9:20  Roach x2  
  76  9:23  Roach  
  82  9:27  Hatchery  
  82  9:28  Queen  
  82  9:30  Drone  
  84  9:39  Roach x5  
  84  9:43  Roach x2  
  84  9:49  Drone  
  85  9:53  Roach x2  
Show
View Real Time Build Order
Export as new Build Order

Mez Terran - Winner!

Build Orders: Reaper Expand 

Get SALT Encoding   

  12  0:01  SCV  
  13  0:13  SCV  
  14  0:17  Supply Depot  
  14  0:25  SCV  
  15  0:39  SCV  
  15  0:40  Barracks  
  16  0:45  Refinery  
  16  0:51  SCV  
  17  1:03  SCV  
  18  1:15  SCV  
  19  1:28  Reaper, Orbital Command  
  20  1:46  Command Center  
  20  1:52  Barracks  
  20  1:56  SCV  
  20  2:00  Barracks Reactor  
  21  2:10  Barracks  
  21  2:14  SCV  
  22  2:17  Supply Depot  
  22  2:32  SCV  
  23  2:42  Marine x2, Barracks Tech Lab  
  25  2:44  SCV  
  26  2:57  SCV  
  27  2:59  Orbital Command  
  27  3:01  Marine x2  
  27  3:02  Combat Shield, Marine x2  
  31  3:09  SCV  
  32  3:19  Marine x3  
  34  3:20  Marine  
  36  3:32  SCV x2  
  36  3:33  Supply Depot  
  38  3:37  Marine  
  38  3:38  Engineering Bay, Marine x3  
  42  3:45  SCV x2  
  44  3:57  SCV x2  
  46  4:07  Supply Depot  
  46  4:10  SCV x2, Terran Infantry Weapons Level 1  
  46  4:13  Marine x4, Supply Depot  
  52  4:22  Stimpack, SCV  
  52  4:23  SCV  
  54  4:30  Command Center  
  54  4:39  Marine x3  
  54  4:40  Marine  
  58  4:49  Factory  
  58  4:50  Refinery  
  58  4:53  Refinery  
  58  4:57  Marine  
  57  5:10  Marine  
  57  5:11  Marine x2  
  60  5:15  Marine  
  60  5:16  SCV x2  
  62  5:28  SCV, Marine  
  62  5:29  SCV, Marine x2  
  64  5:37  Starport  
  64  5:38  Factory Reactor  
  64  5:40  SCV  
  64  5:41  SCV  
  64  5:42  Orbital Command  
  57  5:43  Barracks  
  57  5:45  Barracks  
  57  5:49  Barracks Reactor  
  59  5:50  Marine x2, Marauder  
  59  5:56  SCV x2  
  63  6:08  SCV x2  
  63  6:11  SCV, Marine x2  
  66  6:12  Marauder  
  70  6:20  SCV x2  
  72  6:27  Supply Depot x3  
  72  6:30  Medivac x2, Supply Depot  
  76  6:37  Engineering Bay  
  76  6:38  Engineering Bay  
  77  6:40  SCV, Armory  
  77  6:42  Refinery  
  77  6:45  Barracks Reactor  
  77  6:46  Barracks Reactor  
  77  6:48  SCV, Marine x4, Supply Depot  
  77  6:49  Marauder  
  77  6:52  Supply Depot  
  77  6:53  Supply Depot  
  84  7:01  Medivac  
  84  7:02  Medivac  
  84  7:03  Orbital Command  
  88  7:09  Marine x4  
  92  7:20  Marauder, Supply Depot x2  
  92  7:22  Supply Depot  
  94  7:26  SCV  
  94  7:27  SCV, Marine x4  
  94  7:28  Marine x3  
  94  7:29  Marine  
  104  7:30  SCV  
  105  7:39  SCV  
  105  7:43  Marauder  
  108  7:45  Supply Depot  
  108  7:47  Supply Depot  
  108  7:48  SCV x2  
  108  7:51  SCV  
  111  7:52  Terran Infantry Weapons Level 2  
  111  7:53  Terran Infantry Armor Level 1  
  111  7:57  Marine x6  
  117  8:00  SCV x2  
  117  8:03  SCV  
  104  8:27  Marine x6, Marauder  
  110  8:40  Marine x2  
  110  8:41  SCV x2  
  111  8:44  Command Center  
  111  8:45  Marine x3  
  111  8:47  Barracks  
  111  8:48  Barracks, Marauder  
  111  8:49  Barracks  
  111  8:54  Marine x3  
  111  8:55  Medivac x2  
  111  8:56  SCV x3  
  111  8:58  Marine x2  
  111  9:02  Marine  
  113  9:03  Marine x2  
  113  9:08  SCV  
  113  9:09  Marine  
  118  9:12  Barracks  
  118  9:13  Barracks  
  118  9:14  Barracks  
  117  9:17  Barracks  
  116  9:24  Marine x6  
  116  9:25  Marine, Medivac x2  
  116  9:28  Marauder  
  129  9:35  Concussive Shells  
  128  9:38  Barracks Tech Lab  
  128  9:39  Barracks Tech Lab  
  128  9:40  Barracks Tech Lab  
  123  9:49  Marauder  
  125  10:00  Marine  
  125  10:01  Marine x5  
  125  10:02  Barracks Reactor  
  125  10:03  Barracks Reactor, Barracks Tech Lab  
Tags
 
Add a new tag
Caveats
  • Supply blocks, unpowered buildings, or Contaminate may cause inaccurate times.
  • Supply counts are checked every 10 seconds.